cohdb
Replays
Latest Replays
All Replays
Popular Replays
Top Player Replays
Match Explorer
How It Works
Community
CoH3 Stats
Reddit
Sign in to upload your games and track your stats! →
Sign in with Steam
Match 43380066
Unlisted
Match 43380066
Overview
Messages
Build Orders
End
Construct Section Command Post
Dingo Light Scout Car
Dingo Light Scout Car
Selects Heavy Armor Battlegroup
Vickers Machine Gun Team
Royal Engineer Section
Construct Platoon Command Post
Selects Rigorous Vehicle Training
6-pounder Anti-tank Gun Team
Infantry Section
Selects Light Vehicle Withdraw and Refit
Selects Light Vehicle Withdraw and Refit
Light Vehicle Withdraw and Refit
Infantry Section
Construct Company Command Post
Light Vehicle Withdraw and Refit
Selects Forward Repair Assembly
Crusader II Medium Tank
Selects Radio Net
Crusader II Medium Tank
CMP 15cwt Truck
Infantry Section
Selects Recon Artillery
Recon Artillery
Armored Vehicle Training
Radio Net
Team Weapon Training
Recon Artillery
Crusader II Medium Tank
6-pounder Anti-tank Gun Team
Radio Net
Chubbybro
Honigglas
Peppered Angus
Szym00
Roopdiggity
Dylan Il Bellissimo Arrogante
Zerg6412
simranjitsingh713
0
0
Comments
sign in to comment!
No comments posted yet!